General information
			
			
        
        - name: BNet
 
        - type: Ladder team game (AT/RT)
 
        - host: Battle.net
 
        - saver: kunt.roII
 
        
map: RiverOfSouls 
        - players: 6
 
        - length: 29:11
 
        - speed: Fast
 - version: 1.22 W3XP
 - replay type:  Public
 
» download(211 KB)
Players
        team 1 (winner) 
              
              
Gobiner (
blue | 55 APM | 1598 actions | 29:10)
              
 4 Blademaster 
 2 Wind Walk
 2 Critical Strike
 
                » actions 
                
                | Assign group hotkey | 22 |  | 
| Basic commands | 21 |  | 
| Build / train | 68 |  | 
| ESC pressed | 3 |  | 
| Enter build submenu | 43 |  | 
| Enter hero's abilities submenu | 4 |  | 
| Give item / drop item | 5 |  | 
| Right click | 604 |  | 
| Select / deselect | 220 |  | 
| Select group hotkey | 412 |  | 
| Use ability | 195 |  | 
                1598 total
 » units 
                » upgrades
                
                | Liquid Fire | 1 |  | 
| Armor | 2 |  | 
| Ranged Weapons | 2 |  | 
| Reinforced Defenses | 1 |  | 
| Troll Regeneration | 1 |  | 
| Burning Oil | 1 |  | 
                8 total
 » buildings
                
                | Altar of Storms | 1 |  | 
| Orc Burrow | 5 |  | 
| War Mill | 1 |  | 
| Watch Tower | 36 |  | 
| Stronghold | 4 |  | 
| Voodoo Lounge | 2 |  | 
| Beastiary | 2 |  | 
| Fortress | 1 |  | 
| Barracks | 1 |  | 
                53 total
 » build order
                00:08 Altar of Storms
00:17 Orc Burrow
00:29 War Mill
01:41 Watch Tower
02:00 Orc Burrow
02:20 Watch Tower
02:39 Watch Tower
03:23 Watch Tower
04:03 Watch Tower
04:13 Watch Tower
04:29 Stronghold
04:30 Stronghold
04:47 Voodoo Lounge
05:16 Watch Tower
05:34 Watch Tower
05:53 Orc Burrow
05:55 Orc Burrow
06:06 Watch Tower
06:08 Watch Tower
06:10 Watch Tower
06:23 Watch Tower
06:55 Orc Burrow
07:05 Beastiary
07:09 Beastiary
07:44 Fortress
07:49 Watch Tower
12:52 Watch Tower
12:53 Watch Tower
19:18 Voodoo Lounge
19:40 Barracks
23:08 Watch Tower
23:09 Watch Tower
23:10 Watch Tower
23:11 Watch Tower
23:11 Watch Tower
23:13 Watch Tower
23:16 Watch Tower
23:18 Watch Tower
23:19 Watch Tower
27:24 Watch Tower
27:25 Watch Tower
27:26 Watch Tower
27:27 Watch Tower
27:27 Watch Tower
27:28 Watch Tower
29:02 Watch Tower
29:03 Watch Tower
29:04 Watch Tower
29:05 Watch Tower
29:06 Watch Tower
29:06 Watch Tower
» items
                
                | Boots of Speed | 1 |  | 
| Staff of Teleportation | 1 |  | 
| Orb of Lightning | 1 |  | 
| Lesser Clarity Potion | 4 |  | 
| Scroll of Town Portal | 1 |  | 
| Healing Salve | 1 |  | 
                9 total
  
               
              
              
kunt.roII (
yellow | 92 APM | 2696 actions | 29:11)
              
 4 Archmage 
 2 Blizzard
 2 Brilliance Aura
 5 Mountain King 
 3 Storm Bolt
 2 Bash
 3 Paladin 
 2 Holy Light
 1 Divine Shield
 
                » actions 
                
                | Assign group hotkey | 25 |  | 
| Basic commands | 18 |  | 
| Build / train | 112 |  | 
| ESC pressed | 10 |  | 
| Enter build submenu | 45 |  | 
| Enter hero's abilities submenu | 12 |  | 
| Give item / drop item | 11 |  | 
| Right click | 866 |  | 
| Select / deselect | 309 |  | 
| Select group hotkey | 1095 |  | 
| Use ability | 193 |  | 
                2696 total
 » units 
                
                | Peasant | 18 |  | 
| Dragonhawk Rider | 7 |  | 
| Sorceress | 2 |  | 
| Priest | 3 |  | 
                30 total
 » upgrades
                
                | Masonry | 3 |  | 
| Lumber Harvesting | 1 |  | 
| Magic Sentry | 1 |  | 
| Sorceress Training | 1 |  | 
| Armor | 3 |  | 
| Animal War Training | 1 |  | 
| Priest Training | 1 |  | 
                11 total
 » buildings
                
                | Altar of Kings | 1 |  | 
| Farm | 7 |  | 
| Scout Tower | 26 |  | 
| Lumber Mill | 1 |  | 
| Arcane Tower | 3 |  | 
| Guard Tower | 19 |  | 
| Keep | 3 |  | 
| Gryphon Aviary | 1 |  | 
| Arcane Vault | 1 |  | 
| Arcane Sanctum | 1 |  | 
| Castle | 1 |  | 
| Barracks | 1 |  | 
| Blacksmith | 1 |  | 
                66 total
 » build order
                00:08 Altar of Kings
00:15 Farm
00:48 Scout Tower
00:53 Lumber Mill
01:10 Farm
01:20 Arcane Tower
01:20 Arcane Tower
01:42 Scout Tower
01:54 Scout Tower
02:11 Scout Tower
02:12 Scout Tower
02:22 Scout Tower
02:40 Guard Tower
03:03 Guard Tower
03:04 Guard Tower
03:27 Guard Tower
03:27 Guard Tower
03:43 Scout Tower
04:13 Keep
04:13 Keep
04:28 Guard Tower
04:29 Guard Tower
04:51 Scout Tower
04:52 Scout Tower
04:54 Scout Tower
04:54 Scout Tower
04:55 Scout Tower
05:24 Guard Tower
05:24 Guard Tower
05:50 Guard Tower
05:50 Guard Tower
05:54 Guard Tower
05:54 Guard Tower
05:54 Guard Tower
06:51 Farm
08:37 Gryphon Aviary
08:55 Arcane Vault
08:57 Scout Tower
08:58 Scout Tower
09:43 Farm
09:51 Guard Tower
09:52 Scout Tower
10:06 Farm
10:19 Scout Tower
10:20 Scout Tower
10:21 Scout Tower
10:24 Scout Tower
11:55 Arcane Tower
12:24 Arcane Sanctum
12:27 Castle
13:16 Scout Tower
13:17 Scout Tower
13:36 Barracks
14:00 Scout Tower
14:01 Scout Tower
14:02 Scout Tower
14:03 Scout Tower
14:05 Scout Tower
14:17 Farm
14:19 Farm
15:26 Guard Tower
15:26 Guard Tower
15:48 Blacksmith
» items
                
                | Staff of Teleportation | 3 |  | 
| Dust of Appearance | 3 |  | 
| Boots of Speed | 4 |  | 
| Potion of Invisibility | 2 |  | 
| Circlet of Nobility | 4 |  | 
| Potion of Lesser Invulnerability | 2 |  | 
| Staff of Sanctuary | 3 |  | 
| Orb of Lightning | 3 |  | 
                24 total
  
               
              
              
MrFrosty (
red | 86 APM | 2511 actions | 29:10)
              
 4 Pandaren Brewmaster 
 2 Breath of Fire
 2 Drunken Brawler
 5 Mountain King 
 3 Storm Bolt
 2 Bash
 
                » actions 
                
                | Assign group hotkey | 19 |  | 
| Basic commands | 47 |  | 
| Build / train | 89 |  | 
| ESC pressed | 1 |  | 
| Enter build submenu | 36 |  | 
| Enter hero's abilities submenu | 11 |  | 
| Give item / drop item | 5 |  | 
| Remove unit from queue | 3 |  | 
| Right click | 1224 |  | 
| Select / deselect | 371 |  | 
| Select group hotkey | 533 |  | 
| Use ability | 172 |  | 
                2511 total
 » units 
                
                | Peasant | 12 |  | 
| Priest | 3 |  | 
| Dragonhawk Rider | 5 |  | 
| Sorceress | 2 |  | 
                22 total
 » upgrades
                
                | Masonry | 3 |  | 
| Magic Sentry | 1 |  | 
| Lumber Harvesting | 1 |  | 
| Sorceress Training | 2 |  | 
| Priest Training | 2 |  | 
| Animal War Training | 1 |  | 
| Armor | 3 |  | 
| Cloud | 1 |  | 
                14 total
 » buildings
                
                | Farm | 7 |  | 
| Scout Tower | 23 |  | 
| Lumber Mill | 1 |  | 
| Altar of Kings | 1 |  | 
| Arcane Tower | 5 |  | 
| Guard Tower | 14 |  | 
| Keep | 1 |  | 
| Arcane Sanctum | 1 |  | 
| Gryphon Aviary | 1 |  | 
| Arcane Vault | 1 |  | 
| Castle | 1 |  | 
| Barracks | 1 |  | 
| Blacksmith | 1 |  | 
                58 total
 » build order
                00:08 Farm
00:20 Scout Tower
00:36 Lumber Mill
00:44 Altar of Kings
00:52 Arcane Tower
01:09 Scout Tower
01:33 Farm
02:00 Guard Tower
02:05 Scout Tower
02:24 Scout Tower
02:42 Farm
02:46 Guard Tower
03:05 Arcane Tower
03:06 Scout Tower
03:55 Guard Tower
03:59 Keep
04:01 Scout Tower
04:27 Scout Tower
04:28 Scout Tower
04:32 Guard Tower
05:07 Guard Tower
05:08 Farm
06:02 Farm
06:27 Arcane Sanctum
08:43 Gryphon Aviary
08:48 Arcane Vault
09:22 Farm
09:24 Farm
10:24 Castle
12:10 Barracks
12:21 Blacksmith
12:25 Scout Tower
12:26 Scout Tower
12:27 Scout Tower
13:01 Guard Tower
14:03 Guard Tower
14:07 Arcane Tower
16:31 Scout Tower
16:32 Scout Tower
16:32 Scout Tower
17:12 Guard Tower
18:05 Arcane Tower
18:07 Guard Tower
20:52 Scout Tower
20:54 Scout Tower
20:55 Scout Tower
20:55 Scout Tower
21:03 Scout Tower
21:47 Arcane Tower
21:48 Guard Tower
21:58 Guard Tower
22:03 Scout Tower
22:09 Scout Tower
22:09 Scout Tower
22:10 Scout Tower
22:35 Guard Tower
23:10 Guard Tower
23:19 Guard Tower
» items
                
                | Boots of Speed | 2 |  | 
| Staff of Teleportation | 2 |  | 
| Dust of Appearance | 1 |  | 
| Circlet of Nobility | 1 |  | 
| Lesser Clarity Potion | 3 |  | 
| Healing Salve | 2 |  | 
| Scroll of Regeneration | 1 |  | 
| Staff of Sanctuary | 2 |  | 
| Orb of Lightning | 2 |  | 
| Scroll of Town Portal | 2 |  | 
                18 total
  
               team 2 (loser) 
              
              
Catking[J] (
green | 209 APM | 6089 actions | 29:09)
              
 5 Death Knight 
 3 Death Coil
 1 Unholy Aura
 1 Death Pact
 
                » actions 
                
                | Assign group hotkey | 36 |  | 
| Basic commands | 1 |  | 
| Build / train | 82 |  | 
| Enter build submenu | 29 |  | 
| Enter hero's abilities submenu | 5 |  | 
| Give item / drop item | 3 |  | 
| Remove unit from queue | 1 |  | 
| Right click | 2956 |  | 
| Select / deselect | 1351 |  | 
| Select group hotkey | 1467 |  | 
| Use ability | 158 |  | 
                6089 total
 » units 
                
                | Acolyte | 18 |  | 
| Ghoul | 2 |  | 
| Gargoyle | 6 |  | 
| Frost Wyrm | 14 |  | 
| Crypt Fiend | 7 |  | 
                47 total
 » upgrades
                
                | Freezing Breath | 1 |  | 
| Burrow | 1 |  | 
| Web | 1 |  | 
                3 total
 » buildings
                
                | Altar of Darkness | 1 |  | 
| Ziggurat | 12 |  | 
| Halls of the Dead | 4 |  | 
| Tomb of Relics | 1 |  | 
| Graveyard | 1 |  | 
| Crypt | 4 |  | 
| Nerubian Tower | 1 |  | 
| Spirit Tower | 3 |  | 
| Black Citadel | 1 |  | 
| Sacrificial Pit | 2 |  | 
| Boneyard | 3 |  | 
                33 total
 » build order
                00:11 Altar of Darkness
00:13 Ziggurat
00:51 Halls of the Dead
00:51 Halls of the Dead
00:57 Tomb of Relics
01:01 Graveyard
01:12 Crypt
01:23 Crypt
01:34 Crypt
01:47 Crypt
01:53 Ziggurat
01:59 Ziggurat
02:05 Ziggurat
02:26 Ziggurat
02:38 Nerubian Tower
02:50 Spirit Tower
03:18 Ziggurat
03:19 Black Citadel
03:41 Ziggurat
03:58 Ziggurat
04:01 Sacrificial Pit
04:29 Spirit Tower
04:31 Ziggurat
05:03 Ziggurat
05:42 Boneyard
05:51 Boneyard
05:54 Boneyard
06:14 Ziggurat
07:27 Ziggurat
18:00 Sacrificial Pit
22:16 Spirit Tower
» items
                
                | Rod of Necromancy | 1 |  | 
| Dust of Appearance | 1 |  | 
| Scroll of Town Portal | 3 |  | 
| Lesser Clarity Potion | 1 |  | 
| Scroll of Speed | 1 |  | 
| Healing Salve | 3 |  | 
| Potion of Healing | 2 |  | 
                12 total
  
               
              
              
HateNewPlayer (
orange | 47 APM | 338 actions | 07:10)
              
 1 Blademaster 
 1 Wind Walk
 
                » actions 
                
                | Assign group hotkey | 5 |  | 
| Basic commands | 17 |  | 
| Build / train | 21 |  | 
| Enter build submenu | 2 |  | 
| Enter hero's abilities submenu | 1 |  | 
| Right click | 114 |  | 
| Select / deselect | 43 |  | 
| Select group hotkey | 120 |  | 
| Use ability | 15 |  | 
                338 total
 » units 
                » buildings
                
                | Altar of Storms | 1 |  | 
| Orc Burrow | 1 |  | 
                2 total
 » build order
                00:08 Altar of Storms
00:12 Orc Burrow
» items
                
                | Rod of Necromancy | 1 |  | 
| Healing Salve | 1 |  | 
| Lesser Clarity Potion | 2 |  | 
                4 total
  
               
              
              
No_0b4eVeR (
teal | 109 APM | 3167 actions | 29:07)
              
 4 Blademaster 
 2 Wind Walk
 2 Critical Strike
 
                » actions 
                
                | Assign group hotkey | 71 |  | 
| Build / train | 78 |  | 
| Enter build submenu | 36 |  | 
| Enter hero's abilities submenu | 4 |  | 
| Give item / drop item | 2 |  | 
| Right click | 1882 |  | 
| Select / deselect | 336 |  | 
| Select group hotkey | 594 |  | 
| Use ability | 164 |  | 
                3167 total
 » units 
                
                | Peon | 7 |  | 
| Raider | 16 |  | 
| Troll Batrider | 7 |  | 
| Troll Witch Doctor | 1 |  | 
                31 total
 » upgrades
                
                | Pillage | 1 |  | 
| Melee Weapons | 5 |  | 
| Ensnare | 2 |  | 
| Armor | 6 |  | 
| Reinforced Defenses | 2 |  | 
| Liquid Fire | 1 |  | 
| Witch Doctor Training | 1 |  | 
                18 total
 » buildings
                
                | Altar of Storms | 1 |  | 
| Orc Burrow | 7 |  | 
| Voodoo Lounge | 2 |  | 
| War Mill | 2 |  | 
| Watch Tower | 14 |  | 
| Stronghold | 2 |  | 
| Beastiary | 4 |  | 
| Fortress | 2 |  | 
| Spirit Lodge | 1 |  | 
                35 total
 » build order
                00:11 Altar of Storms
00:16 Orc Burrow
02:11 Voodoo Lounge
04:27 War Mill
05:41 Watch Tower
05:42 Watch Tower
06:37 Stronghold
07:29 Watch Tower
07:57 Stronghold
08:03 War Mill
09:05 Beastiary
09:07 Beastiary
09:18 Watch Tower
09:19 Watch Tower
09:33 Orc Burrow
09:43 Watch Tower
09:45 Watch Tower
09:50 Orc Burrow
09:56 Fortress
10:25 Watch Tower
10:26 Watch Tower
10:30 Beastiary
10:32 Beastiary
10:44 Orc Burrow
12:47 Orc Burrow
13:01 Orc Burrow
13:03 Orc Burrow
13:12 Voodoo Lounge
13:15 Fortress
19:28 Watch Tower
23:12 Watch Tower
23:47 Spirit Lodge
26:21 Watch Tower
26:31 Watch Tower
26:32 Watch Tower
» items
                
                | Lesser Clarity Potion | 2 |  | 
| Healing Salve | 2 |  | 
| Dust of Appearance | 1 |  | 
| Boots of Speed | 8 |  | 
| Staff of Teleportation | 1 |  | 
| Potion of Lesser Invulnerability | 3 |  | 
| Orb of Lightning | 1 |  | 
                18 total
  
                Chat log
          (00:05 / All) MrFrosty: wow garg feed
(00:09 / All) kunt.roII: lmao
(00:11 / All) kunt.roII: noob strat
(00:12 / All) MrFrosty: havent played that b4
(01:01 / Allies) MrFrosty: thats a garg feed
(01:12 / Allies) MrFrosty: panda coming
(01:15 / Allies) MrFrosty: got a late altar
(01:32 / All) kunt.roII: lol
(01:33 / All) kunt.roII: mass crypt
(01:34 / All) kunt.roII: ahhahahah
(01:41 / All) MrFrosty: oh look a garg feed
(01:45 / All) MrFrosty: its what every noob tries to do
(01:47 / All) kunt.roII: look i build a tower in ur base ok????
(04:05 / Allies) MrFrosty: that should have hurt alot
(04:16 / Allies) MrFrosty: gob defintely needs to tech though
(06:54 / Allies) MrFrosty: im getting mk
(06:59 / Allies) MrFrosty: ok
(07:10 / All) kunt.roII: i would drop hack us tbqh
(07:16 / All) MrFrosty: bad decision
(07:23 / Allies) MrFrosty: lol
(07:31 / Allies) MrFrosty: no
(07:44 / Allies) MrFrosty: that was close but gay
(07:45 / Allies) MrFrosty: oh
(08:07 / Allies) MrFrosty: oph well orange cant ffed now
(08:10 / Allies) kunt.roII: yea
(08:16 / Allies) kunt.roII: orange is pretty much \useless for them now
(08:22 / Allies) MrFrosty: b/c he isnt in the game
(09:03 / Allies) MrFrosty: i kinda wish they had drop hacked us
(09:06 / Allies) MrFrosty: this shit is so gay
(09:43 / Allies) MrFrosty: what?
(09:49 / Allies) MrFrosty: nope
(11:02 / All) kunt.roII: nice micro
(11:37 / All) MrFrosty: lol
(11:43 / All) kunt.roII: Ok
(11:47 / All) kunt.roII: you can leave now
(11:49 / All) MrFrosty: wyrms dont cost much
(11:51 / All) kunt.roII: we all know u tried your garg feed
(11:52 / All) MrFrosty: dont worry about it
(12:39 / Allies) MrFrosty: he crept that
(12:47 / Allies) MrFrosty: did he
(12:53 / Allies) MrFrosty: the orc
(12:55 / Allies) MrFrosty: i thing
(13:10 / Allies) MrFrosty: i guess
(14:33 / Allies) MrFrosty: im 33
(14:35 / Allies) MrFrosty: 3/3
(16:54 / Allies) MrFrosty: bats for orange
(18:01 / Allies) MrFrosty: i can tank if you want to try
(18:25 / Allies) MrFrosty: yeah
(19:13 / Allies) MrFrosty: gob
(19:23 / Allies) kunt.roII: saved some..
(19:26 / Allies) MrFrosty: yeah
(20:07 / Allies) MrFrosty: shades
(20:15 / Allies) MrFrosty: welp
(21:38 / Allies) MrFrosty: cant scan
(21:43 / Allies) MrFrosty: there was one on me
(22:49 / Allies) kunt.roII: t
(23:05 / Allies) kunt.roII: need to bat the wyrm tbqhhhhh
(23:06 / Allies) MrFrosty: woot cant do much at all
(23:08 / Allies) kunt.roII: then we can just fight him
(23:29 / Allies) kunt.roII: yes and shades
(23:40 / Allies) kunt.roII: build mas
(23:47 / Allies) kunt.roII: urgh
(23:51 / Allies) kunt.roII: gogo forsty
(23:55 / Allies) kunt.roII: shade
(25:00 / Allies) MrFrosty: lol
(25:09 / All) Gobiner: thanks for coming to visit us
(25:14 / All) kunt.roII: it was pleasant
(25:17 / All) Gobiner: come back anytime
(25:54 / Allies) kunt.roII: ow
(26:04 / Allies) kunt.roII: im outta thar
(26:20 / All) Gobiner: not very nice to let teal's army die
(26:23 / All) kunt.roII: u killed my wizard
(26:24 / All) kunt.roII: wtf
(26:28 / All) MrFrosty: and hes not even the leaver
(26:33 / All) Gobiner: he's not?
(26:37 / All) Gobiner: o
(26:38 / All) kunt.roII: :PPPPPPPPPPPPPPPPPPPPPPPPP|
(26:40 / All) Gobiner: hard to tell
(26:41 / All) MrFrosty: no, just a noob
(26:59 / All) kunt.roII: i gotta let you know
(27:06 / All) kunt.roII: if u didnt play us u would have won 150% chances
(27:10 / All) MrFrosty: yo, called on garg feed, destroyed, wyrm tech destroyed, heroing gaying destroyed
(27:12 / All) kunt.roII: garg feeed is really that good
(27:20 / All) kunt.roII: u should keep doing it
(27:29 / All) kunt.roII: dn let this failure let u down
(27:56 / Allies) kunt.roII: ttttt
(27:57 / Allies) MrFrosty: welp
(28:00 / Allies) kunt.roII: mk sos slow
(28:36 / All) MrFrosty: good fight so far
(29:08 / All) kunt.roII: im sure raidres are pretty cheap
(29:10 / All) MrFrosty: thx 4 free win